 Dungeon Sprint DCSS version 0.29-a0-962-gc8bbfd0a37 (webtiles) character file.

Game seed: 5489561794485302883

15710 mhtbhm the Bludgeoner (level 12, -16/86 HPs)
             Began as a Gargoyle Fighter on July 30, 2022.
             Was the Champion of Makhleb.
             Demolished by an orc knight
             ... wielding a +1 great mace
              (44 damage)
             ... in the Dungeon (Sprint IX: "|||||||||||||||||||||||||||||").
             The game lasted 00:04:19 (2452 turns).

mhtbhm the Bludgeoner (Gargoyle Fighter)            Turns: 2452, Time: 00:04:20

Health: -16/86     AC: 39    Str: 30    XL:     12   Next: 29%
Magic:  20/20      EV: 11    Int:  8    God:    Makhleb [******]
Gold:   1318       SH: 21    Dex: 16    Spells: 11/11 levels left

rFire   + . .      SeeInvis .   a - +2 morningstar (protect)
rCold   . . .      Faith    .   c - +3 tower shield of Hulito {Str+4 Dex+7}
rNeg    + . .      Spirit   .   b - +1 plate armour {rF+}
rPois   ∞          Reflect  .   n - +0 helmet
rElec   +          Harm     .   o - +0 cloak
rCorr   .          Rampage  .   (no gloves)
Will    .....      NoTele   +   t - +0 pair of boots
Stlth   ..........              (no amulet)
HPRegen 0.24/turn               p - +2 ring of protection
MPRegen 0.17/turn               q - +2 ring of evasion

@: under a protective aura
A: sickness immunity, AC +8, negative energy resistance 1, electricity
resistance, torment resistance 1, petrification resistance
a: Renounce Religion, Minor Destruction, Lesser Servant of Makhleb, Major
Destruction, Greater Servant of Makhleb


You were in the Dungeon.
You worshipped Makhleb.
Makhleb was exalted by your worship.
You visited 1 branch You collected 1318 gold pieces.

Inventory:

Hand Weapons
 a - a +2 morningstar of protection (weapon)
Armour
 b - a +1 plate armour of fire resistance (worn)
 c - the +3 tower shield of Hulito (worn) {Str+4 Dex+7}
   (You acquired it in the Dungeon)

   Str:       It affects your strength (+4).
   Dex:       It affects your dexterity (+7).
 n - a +0 helmet (worn)
 o - a +0 cloak (worn)
 t - a +0 pair of boots (worn)
Jewellery
 p - a +2 ring of protection (left hand)
 q - a +2 ring of evasion (right hand)
Wands
 f - a wand of iceblast (5)
Scrolls
 l - 3 scrolls of amnesia
 u - 2 scrolls of enchant armour
 v - a scroll of fear
 w - a scroll of fog
 x - 2 scrolls of identify
Potions
 d - a potion of might
 e - 5 potions of curing
 g - a potion of haste
 h - 4 potions of magic
 i - a potion of berserk rage
 k - a potion of invisibility
 r - 2 potions of resistance
 s - 2 potions of mutation


   Skills:
 + Level 14.5 Fighting
 + Level 17.4 Maces & Flails
 + Level 13.4 Armour
 + Level 6.6 Dodging
 + Level 7.2 Stealth
 + Level 13.6 Shields
 * Level 11.5 Invocations
 + Level 3.7 Evocations


You had 11 spell levels left.
You didn't know any spells.
Your spell library was empty.

Dungeon Overview and Level Annotations

Branches:
Dungeon (1/1)

Altars:
Cheibriados
Dithmenos
Elyvilon
Fedhas
Gozag
Hepliaklqana
Kikubaaqudgha
Makhleb
Nemelex Xobeh
Okawaru
Qazlal
Ru
Sif Muna
Trog
Uskayaw
Vehumet
Wu Jian
Xom
Yredelemnul
Zin
The Shining One
Jiyva
Lugonu

Shops:
D [


Innate Abilities, Weirdness & Mutations

You are immune to sickness and miasma.
Your stone body is resilient. (AC +8)
You are immune to poison.
You resist negative energy. (rN+)
You are resistant to electric shocks. (rElec)
You are resistant to unholy torment.
You are immune to petrification.


Message History

Unknown command.
You hit the orc knight.
The orc knight is lightly wounded.
You block the orc knight's attack.
You hit the orc knight but do no damage.
The orc knight is lightly wounded.
You block the orc knight's attack.
You completely miss the orc knight.
The orc knight is lightly wounded.
The orc knight hits you with a +1 great mace!!
* * * LOW HITPOINT WARNING * * *
You barely miss the orc knight.
The orc knight is lightly wounded.
You block the orc knight's attack.
You feel better. You block the orc knight's attack.
You feel better. You block the orc knight's attack.
Aiming: Bolt of Light
Press: ? - help, Shift-Dir - straight line, f - orc knight
Aim: an orc knight, wielding a +1 great mace and wearing a +0 plate armour (lightly wounded, strong, 74% to hit)
The bolt of light hits the orc knight!
The orc knight is lightly wounded.
The orc knight is blinded.
The now-empty wand crumbles to dust.
You block the orc knight's attack.
Unknown command.
You strike the helpless orc knight from behind!
You bludgeon the orc knight!!
Your weapon exudes an aura of protection.
The orc knight is heavily wounded.
You strike the helpless orc knight from behind!
You impale the orc knight!!
The orc knight is severely wounded.
You block the orc knight's attack.
You hit the orc knight but do no damage.
The orc knight is severely wounded.
The orc knight hits you but does no damage.
You hit the orc knight but do no damage.
The orc knight is severely wounded.
The orc knight hits you with a +1 great mace!!!
Ouch! That really hurt!
You die...

▓_▓.▓.▓.▓)▓
▓_▓.▓.▓.▓)▓
▓_▓.▓.▓.▓)▓
▓_▓.▓.▓.▓.▓
▓_▓.▓.▓.▓.▓
▓_▓.▓†▓.▓.▓
▓_▓.▓.▓.▓.▓
▓_▓.▓†▓.▓o▓
▓_▓.▓'▓.▓@▓
▓_▓.▓.▓.▓.▓
▓_▓.▓[▓.▓)▓
▓_▓.▓.▓.▓)▓
▓_▓.▓.▓)▓)▓
▓'▓.▓.▓)▓)▓
▓.▓.▓?▓.▓)▓
▓.▓.▓.▓.▓)▓
▓.▓.▓)▓.▓'▓


You could see an orc knight (strong, blind).

Vanquished Creatures
  3 hydras (D)
  2 catoblepae (D)
  4 orc high priests (D)
  4 death yaks (D)
  2 skeletal warriors (D)
  3 orc knights (D)
  A cyclops (D)
  2 cane toads (D)
  5 komodo dragons (D)
  A rime drake (D)
  3 trolls (D)
  A blink frog (D)
  A wyvern (D)
  4 yaks (D)
  5 water moccasins (D)
  An acid dragon (D)
  12 orc warriors (D)
  A phantom (D)
  A necrophage (D)
  A killer bee (D)
  A jelly (D)
  2 orc priests (D)
  3 orc wizards (D)
  11 orcs (D)
  An endoplasm (D)
  A hobgoblin (D)
  A quokka (D)
  2 goblins (D)
79 creatures vanquished.

Vanquished Creatures (others)
  A troll (D)
1 creature vanquished.

Grand Total: 80 creatures vanquished

Notes
Turn   | Place    | Note
-------+----------+-------------------------------------------
     0 | D        | mhtbhm the Gargoyle Fighter began the quest for the Orb.
     0 | D        | Reached XP level 1. HP: 14/14 MP: 1/1
    44 | D        | Noticed a phantom
    44 | D        | Noticed a jelly
    44 | D        | Noticed a necrophage
    48 | D        | Reached XP level 2. HP: 16/20 MP: 2/2
    58 | D        | Killed a necrophage
    59 | D        | Reached skill level 5 in Fighting
    59 | D        | Reached skill level 4 in Maces & Flails
    59 | D        | Reached skill level 5 in Armour
    59 | D        | Reached skill level 5 in Shields
    59 | D        | Reached XP level 3. HP: 17/26 MP: 3/3
    59 | D        | Reached XP level 4. HP: 20/31 MP: 4/4
    83 | D        | Killed a phantom
    84 | D        | Reached skill level 5 in Maces & Flails
    84 | D        | Reached skill level 1 in Dodging
    84 | D        | Reached XP level 5. HP: 9/38 MP: 5/5
    90 | D        | Found a snail-covered altar of Cheibriados.
    90 | D        | Found a shadowy altar of Dithmenos.
    90 | D        | Found a white marble altar of Elyvilon.
    90 | D        | Found a blossoming altar of Fedhas.
    90 | D        | Found an opulent altar of Gozag.
    91 | D        | Found a hazy altar of Hepliaklqana.
    92 | D        | Found a viscous altar of Jiyva.
    93 | D        | Found an ancient bone altar of Kikubaaqudgha.
    94 | D        | Found a corrupted altar of Lugonu.
    95 | D        | Found a burning altar of Makhleb.
    96 | D        | Found a sparkling altar of Nemelex Xobeh.
    97 | D        | Found an iron altar of Okawaru.
    98 | D        | Found a stormy altar of Qazlal.
    99 | D        | Found a sacrificial altar of Ru.
   100 | D        | Found a shimmering blue altar of Sif Muna.
   101 | D        | Found a bloodstained altar of Trog.
   102 | D        | Found a hide-covered altar of Uskayaw.
   103 | D        | Became a worshipper of Makhleb the Destroyer
   104 | D        | Found a radiant altar of Vehumet.
   105 | D        | Found an ornate altar of the Wu Jian Council.
   106 | D        | Found a shimmering altar of Xom.
   107 | D        | Found a basalt altar of Yredelemnul.
   108 | D        | Found a glowing silver altar of Zin.
   109 | D        | Found a glowing golden altar of the Shining One.
   345 | D        | Noticed an acid dragon
   345 | D        | Noticed a troll
   345 | D        | Noticed a wyvern
   345 | D        | Noticed a troll
   345 | D        | Noticed an orc warrior
   356 | D        | Killed an orc warrior
   357 | D        | Reached skill level 6 in Maces & Flails
   357 | D        | Reached XP level 6. HP: 26/44 MP: 6/6
   359 | D        | Killed a troll
   360 | D        | Reached skill level 8 in Maces & Flails
   360 | D        | Reached XP level 7. HP: 50/50 MP: 7/7
   369 | D        | Killed a troll
   372 | D        | Killed a wyvern
   372 | D        | Reached * piety under Makhleb
   373 | D        | Reached skill level 9 in Maces & Flails
   496 | D        | Noticed a skeletal warrior
   496 | D        | Noticed a troll
   496 | D        | Noticed a skeletal warrior
   496 | D        | Noticed a cyclops
   496 | D        | Noticed a four-headed hydra
   496 | D        | Noticed a troll
   500 | D        | Killed a four-headed hydra
   500 | D        | Reached ** piety under Makhleb
   501 | D        | Reached skill level 10 in Fighting
   501 | D        | Reached skill level 10 in Maces & Flails
   501 | D        | Reached XP level 8. HP: 57/57 MP: 8/8
   510 | D        | Killed a troll
   511 | D        | Reached skill level 11 in Maces & Flails
   511 | D        | Reached skill level 10 in Armour
   511 | D        | Reached skill level 1 in Evocations
   514 | D        | Killed a cyclops
   515 | D        | Reached skill level 12 in Maces & Flails
   515 | D        | Reached XP level 9. HP: 54/63 MP: 9/9
   529 | D        | Killed a skeletal warrior
   533 | D        | Killed a troll
   533 | D        | Reached *** piety under Makhleb
   534 | D        | Reached skill level 13 in Maces & Flails
   549 | D        | Killed a skeletal warrior
   873 | D        | Noticed a six-headed hydra
   873 | D        | Noticed a seven-headed hydra
   873 | D        | Noticed a komodo dragon
   874 | D        | Noticed a komodo dragon
   880 | D        | Noticed a cane toad
   892 | D        | Killed a komodo dragon
   893 | D        | Reached skill level 14 in Maces & Flails
   893 | D        | Reached XP level 10. HP: 42/70 MP: 12/12
   894 | D        | Noticed a cane toad
   902 | D        | Killed a seven-headed hydra
   902 | D        | Reached **** piety under Makhleb
   903 | D        | Reached skill level 5 in Dodging
   904 | D        | Reached skill level 5 in Invocations
   911 | D        | Killed a six-headed hydra
   912 | D        | Reached skill level 15 in Maces & Flails
   912 | D        | Reached skill level 1 in Stealth
   912 | D        | Reached skill level 10 in Shields
   922 | D        | Killed a cane toad
   922 | D        | Reached ***** piety under Makhleb
   925 | D        | Killed a cane toad
  1189 | D        | HP: 2/72 [komodo dragon (4)]
  1510 | D        | Acquired the +3 tower shield of Hulito {Str+4 Dex+7}
  1531 | D        | Reached XP level 11. HP: 75/76 MP: 16/16
  1557 | D        | Reached ****** piety under Makhleb
  1592 | D        | Noticed a catoblepas
  1592 | D        | Noticed a death yak
  1592 | D        | Noticed a death yak
  1592 | D        | Noticed a death yak
  1592 | D        | Noticed a catoblepas
  1595 | D        | Noticed a death yak
  1603 | D        | Killed a catoblepas
  1604 | D        | Reached skill level 16 in Maces & Flails
  1616 | D        | Killed a death yak
  1625 | D        | Killed a death yak
  1633 | D        | Killed a death yak
  1637 | D        | Killed a catoblepas
  1638 | D        | Reached skill level 5 in Stealth
  1647 | D        | Killed a death yak
  1846 | D        | Reached skill level 10 in Invocations
  1986 | D        | Found Biurrecw's Armour Boutique.
  1986 | D        | Noticed an orc high priest
  1986 | D        | Noticed an orc high priest
  1986 | D        | Noticed an orc high priest
  1986 | D        | Noticed an orc knight
  1986 | D        | Noticed an orc knight
  1987 | D        | Noticed a soul eater
  1996 | D        | Killed an orc knight
  1997 | D        | Reached skill level 17 in Maces & Flails
  1997 | D        | Noticed an orc high priest
  2283 | D        | Noticed a soul eater
  2284 | D        | Killed an orc high priest
  2285 | D        | Reached XP level 12. HP: 85/85 MP: 18/20
  2319 | D        | Killed an orc high priest
  2326 | D        | Killed an orc high priest
  2331 | D        | Noticed a sun demon
  2343 | D        | Killed an orc high priest
  2452 | D        | Demolished by an orc knight

Illustrated notes

Levels and vault maps discovered:
D:        linesprint [early_d, line_temple, items_1, d_10, items_2, lair_1,
          lair_end, items_3, orc_1, orc_end, items_4, d_15, swamp_1, shoals_1,
          snake_1, spider_1, d_20, vaults_1, items_5, swamp_end, shoals_end,
          snake_end, spider_end, vaults_end, d_27, items_6, zot_1, zot_end,
          crypt_end, forest_end, elf_end, slime_end, tomb_end, abyss_end,
          pan_hell_end]

Skill      XL: |  1  2  3  4  5  6  7  8  9 10 11 12 |
---------------+-------------------------------------+-----
Fighting       | 4 5 7 8 10 11 12 14 | 14.5
Armour         | 4 5 6 7 8 9 10 11 12 13 | 13.4
Shields        | 4 5 6 7 8 9 10 12 13 | 13.6
Maces & Flails | 4 5 6 8 10 12 14 15 17 | 17.4
Dodging        | 1 2 3 4 5 6 |  6.6
Evocations     | 1 2 3 |  3.7
Invocations    | 3 7 10 11 | 11.5
Stealth        | 3 7 |  7.2

Action                   |  1- 3 |  4- 6 |  7- 9 | 10-12 || total
-------------------------+-------+-------+-------+-------++-------
Melee: Flail             |    26 |    25 |       |       ||    51
       Morningstar       |       |    12 |    87 |   313 ||   412
Evoke: Wand              |       |     1 |     4 |     9 ||    14
  Use: Potion            |       |     1 |     1 |     3 ||     5
       Scroll            |       |       |       |     4 ||     4
 Stab: Invisible         |       |       |       |     5 ||     5
       Petrified         |       |       |       |     6 ||     6
       Petrifying        |       |       |       |     2 ||     2
Armor: Scale mail        |    10 |    17 |    41 |    69 ||   137
       Plate armour      |       |       |       |    17 ||    17
Dodge: Dodged            |    12 |    16 |    41 |    81 ||   150
Block: Buckler           |     1 |     5 |    21 |    14 ||    41
       Tower shield      |       |       |       |   161 ||   161

Table legend: (Time is in decaauts)
 A = Elapsed time spent in this place.
 B = Non-inter-level travel time spent in this place.
 C = Inter-level travel time spent in this place.
 D = Time resting spent in this place.
 E = Time spent auto-exploring this place.
 F = Levels seen in this place.
 G = Mean time per level.
                   A        B        C        D        E       F      G
               +--------+--------+--------+--------+--------+-----+--------+
         Total |   2436 |   2436 |      0 |   1063 |    537 |   1 | 2436.0 |
       Dungeon |   2436 |   2436 |      0 |   1063 |    537 |   1 | 2436.0 |
               +--------+--------+--------+--------+--------+-----+--------+

Top non-repeatable levels by time:
       D: 2436 daAuts
